 Dungeon Crawl Stone Soup version 0.31-a0-331-geda263fcf1 (webtiles) character file.

Game seed: 18275519748378057505

86 mopl the Changeling (level 4, -2/30 HPs)
             Began as an Octopode Shapeshifter on July 19, 2023.
             Slain by a cerulean imp
             ... wielding a +1 spear
             ... summoned by Natasha
              (4 damage)
             ... on level 3 of the Dungeon.
             The game lasted 00:01:31 (1377 turns).

mopl the Changeling (Octopode Shapeshifter)         Turns: 1377, Time: 00:01:32

Health: -2/30      AC:  1    Str: 14    XL:     4   Next: 49%
Magic:  4/4        EV: 13    Int: 10    God:
Gold:   70         SH:  0    Dex: 14    Spells: 3/3 levels left

rFire   . .          .
                       - Unarmed
rCold   + . .        (no shield)
rNeg    . . .        (helmet currently unavailable)
rPois   .            (no amulet)
rElec   .            f - ring of protection from cold
rCorr   .            (no ring)
SInv    .            (no ring)
Will    .....        (no ring)
Stlth   ++           (no ring)
HPRegen 0.25/turn    (no ring)
MPRegen 0.09/turn    (no ring)
                     (no ring)

%: no passive effects
@: beast-form, slowed, very slow
A: beast (slay +2), almost no armour, amphibious, 8 rings, camouflage 1,
gelatinous body 1, (nimble swimmer 1), tentacles
a: Begin Untransformation


You were on level 3 of the Dungeon.
You were a hulking beast.
You visited 1 branch of the dungeon, and saw 3 of its levels.

You collected 70 gold pieces.

Inventory:

Jewellery
 f - a ring of protection from cold (left tentacle)
 g - a ring of flight
Talismans
 b - a beast talisman
 c - a serpent talisman
Scrolls
 d - 2 scrolls of identify
 e - a scroll of fog {unknown}
 h - a scroll of noise {unknown}
 i - a scroll of brand weapon {unknown}
 k - a scroll of blinking {unknown}
Potions
 a - a potion of lignification {!q}
 j - a potion of might


   Skills:
 + Level 2.5 Fighting
 + Level 2.5 Dodging
 * Level 3.1 Unarmed Combat
 * Level 3.6 Shapeshifting


You had 3 spell levels left.
You didn't know any spells.
Your spell library contained the following spells:

 Spells                   Type           Power      Damage    Failure   Level
 Sublimation of Blood     Necr           0%         N/A       50%         2
 Petrify                  Tmut/Erth      0%         N/A       98%         4
 Irradiate                Conj/Tmut      0%         3d11      100%        5


Dungeon Overview and Level Annotations

Branches:
Dungeon (3/15)

Altars:

Annotations:
D:3 Natasha


Innate Abilities, Weirdness & Mutations

You are a hulking beast.
Your limbs bulge with bestial killing power. (Slay +2)
You cannot wear most types of armour.
You are amphibious.
You can wear up to eight rings at the same time.
Your skin changes colour to match your surroundings (Stealth+).
Your rubbery body absorbs attacks. (AC +1, EV +1)
((You are camouflaged when in or above water. (Stealth+)))
You have tentacles for arms and can constrict up to eight enemies at once.


Message History

j - a potion of might You now have 55 gold pieces (gained 8).
Found 15 gold pieces.
Found a stone staircase leading up.
Found 7 stones and a sling.
Natasha, Servant of Life and Death comes into view.
You see here 15 gold pieces.
You now have 70 gold pieces (gained 15).
Natasha hisses angrily.
Natasha casts a spell.
Natasha stares at you and mumbles some strange words.
You feel yourself slow down. Natasha casts a spell at you.
The magic dart hits you.
Natasha wildly gestures.
You feel disoriented.
The cerulean imp hits you from afar with a +1 spear.
The cerulean imp closely misses you.
Natasha mumbles some strange words.
Natasha howls an incantation.
Natasha's front paws start to glow.
Natasha barely misses you. The cerulean imp closely misses you.
Natasha closely misses you.
You tentacle-slap Natasha. Your grab misses Natasha.
Your squeeze misses Natasha.
Natasha is moderately wounded.
The cerulean imp misses you.
The cerulean imp hits you with a +1 spear.
Natasha claws you! The cerulean imp barely misses you.
The cerulean imp closely misses you.
You tentacle-slap Natasha but do no damage.
You grab Natasha.
Natasha is moderately wounded.
You constrict Natasha, but do no damage.
Natasha claws you!
* * * LOW HITPOINT WARNING * * *
The cerulean imp hits you from afar with a +0 spear.
* * * LOW HITPOINT WARNING * * *
The cerulean imp hits you with a +1 spear.
You die...

#.###.###.###.#.
#.#......<......
#.#.#####.#####. #.#.#
#.# ###.#.#####.#
#........<..#
.###.#####.#.#.#######
........5h#5.#.#
.###.#####h###.# #.#
#.# #(# #.. #.# ###
#.# #.# ).# ###


You could see Natasha and 2 cerulean imps.

Vanquished Creatures
  3 adders (D:2)
  A worm (D:2)
  2 dart slugs (D:1)
  3 endoplasms
  3 giant cockroaches
  4 goblins
  3 hobgoblins (D:2)
  4 jackals (D:2)
  3 quokkas
  9 ball pythons
  3 bats
  3 frilled lizards
  4 kobolds
  5 rats
50 creatures vanquished.

Notes
Turn   | Place    | Note
-------+----------+-------------------------------------------
     0 | D:1      | mopl the Octopode Shapeshifter began the quest for the Orb.
     0 | D:1      | Reached XP level 1. HP: 14/14 MP: 1/1
   173 | D:1      | Reached XP level 2. HP: 17/19 MP: 2/2
   522 | D:1      | Reached XP level 3. HP: 24/24 MP: 3/3
   955 | D:2      | Reached XP level 4. HP: 30/30 MP: 4/4
  1004 | D:2      | Reached skill level 3 in Unarmed Combat
  1366 | D:3      | Noticed Natasha
  1377 | D:3      | Slain by a cerulean imp

Illustrated notes

Levels and vault maps discovered:
D:1:      eino_arrival_druids_welcome, layout_loops_cross, minivault_23
D:2:      layout_basic, serial_park_tiny_pond, kennysheep_path_1
D:3:      layout_loops_ring, mainiacjoe_overflow_alcove_2, portal_sewer_entry_e,
          grunt_decor_junction, uniq_sigmund, uniq_terence, uniq_natasha

Skill      XL: |  1  2  3  4 |
---------------+-------------+-----
Unarmed Combat | 3 |  3.1
Fighting       | |  2.5
Dodging        | |  2.5
Shapeshifting  | |  3.6

Action                     |  1- 3 |  4- 6 || total
---------------------------+-------+-------++-------
  Melee: Unarmed           |    61 |    21 ||    82
         Tentacles         |    15 |     2 ||    17
         Constrict         |    15 |     9 ||    24
         Punch             |     1 |     1 ||     2
    Use: Scroll            |       |     1 ||     1
   Stab: Sleeping          |    11 |     2 ||    13
 Armour: Skin              |     4 |     1 ||     5
  Dodge: Dodged            |    26 |    27 ||    53

Table legend: (Time is in decaauts)
 A = Elapsed time spent in this place.
 B = Non-inter-level travel time spent in this place.
 C = Inter-level travel time spent in this place.
 D = Time resting spent in this place.
 E = Time spent auto-exploring this place.
 F = Levels seen in this place.
 G = Mean time per level.
                   A        B        C        D        E       F      G
               +--------+--------+--------+--------+--------+-----+--------+
         Total |   1373 |   1320 |     53 |     70 |    982 |   3 |  457.7 |
       Dungeon |   1373 |   1320 |     53 |     70 |    982 |   3 |  457.7 |
               +--------+--------+--------+--------+--------+-----+--------+

Top non-repeatable levels by time:
     D:2: 741 daAuts
     D:1: 604 daAuts
     D:3: 28 daAuts
